 Dungeon Crawl Stone Soup version 0.27-a0-978-g2aa4ecdaef (webtiles) character file.

Game seed: 15988524306203299886

8 tardwrangler69 the Digger (level 2, 0/20 HPs)
             Began as a Draconian Earth Elementalist on Apr 14, 2021.
             Slain by a jackal (3 damage)
             ... on level 1 of the Dungeon.
             The game lasted 00:00:28 (601 turns).

tardwrangler69 the Digger (DrEE)                     Turns: 601, Time: 00:00:29

Health: 0/20       AC:  4    Str: 10    XL:     2   Next: 0%
Magic:  2/5        EV: 12    Int: 15    God:
Gold:   10         SH:  0    Dex: 11    Spells: 4/5 levels left

rFire    . . .     SeeInvis .   (no weapon)
rCold    . . .     Faith    .   (no shield)
rNeg     . . .     Spirit   .   (armour unavailable)
rPois    .         Reflect  .   (helmet restricted)
rElec    .         Harm     .   (no cloak)
rCorr    .         Rampage  .   (no gloves)
Will     .....                  (no boots)
Stlth    ++........             (no amulet)
HPRegen  0.06/turn              (no ring)
MPRegen  0.09/turn              (no ring)

@: no status effects
A: AC +4, unfitting armour, cold-blooded
a: no special abilities


You were on level 1 of the Dungeon.
You visited 1 branch of the dungeon, and saw 1 of its levels.

You collected 10 gold pieces.

Inventory:

Missiles
 b - 24 stones
Scrolls
 a - a scroll of identify {unknown}


   Skills:
 - Level 1.7 Dodging
 - Level 1.7 Stealth
 + Level 2.2 Spellcasting
 - Level 1.0 Transmutations
 * Level 3.4 Earth Magic


You had 4 spell levels left.
You knew the following spells:

 Your Spells              Type           Power      Damage    Failure   Level
a - Sandblast             Erth           22%        2d7       5%          1

Your spell library contained the following spells:

 Spells                   Type           Power      Damage    Failure   Level
 Passwall                 Tmut/Erth      6%         N/A       13%         2
 Stone Arrow              Conj/Erth      12%        3d7       32%         3
 Petrify                  Tmut/Erth      8%         N/A       65%         4
 Lee's Rapid Deconstruct  Erth           5%         3d7*      83%         5


Dungeon Overview and Level Annotations

Branches:
Dungeon (1/15)

Altars:


Innate Abilities, Weirdness & Mutations

Your plain brown scales are hard. (AC +4)
You cannot fit into any form of body armour.
You are cold-blooded and may be slowed by cold attacks.


Message History

The frilled lizard misses you. The jackal barely misses you.
You hit the jackal but do no damage.
The jackal is lightly wounded.
The frilled lizard bites you but does no damage.
The jackal closely misses you.
You miss the jackal.
The jackal is lightly wounded.
The jackal bites you. The frilled lizard barely misses you.
You hit the jackal.
The jackal is moderately wounded.
The jackal bites you but does no damage.
The frilled lizard misses you.
The jackal bites you but does no damage.
You barely miss the jackal.
The jackal is moderately wounded.
The jackal bites you.
* * * LOW HITPOINT WARNING * * *
The frilled lizard bites you but does no damage.
You closely miss the jackal.
Your tail-slap misses the jackal.
The jackal is moderately wounded.
The jackal closely misses you. The frilled lizard closely misses you.
The jackal bites you but does no damage.
You hit the jackal.
The jackal is moderately wounded.
The frilled lizard bites you but does no damage.
The jackal bites you.
* * * LOW HITPOINT WARNING * * *
You hit the jackal but do no damage.
The jackal is lightly wounded.
The jackal barely misses you. The frilled lizard bites you.
* * * LOW HITPOINT WARNING * * *
You closely miss the jackal.
The jackal is lightly wounded.
The jackal bites you but does no damage.
The frilled lizard misses you.
The jackal bites you but does no damage.
You miss the jackal.
The jackal is lightly wounded.
The jackal bites you.
You die...

.. #.# .. #.# ..
#.## #hl#
♣#♣#♣#♣@♣
#.......#
♣.♣.♣†♣.♣
#.......#
♣.♣.♣.♣.♣
##########.......#
#...#...#♣.♣.♣.♣.♣
.........#.......#
.........♣.♣#♣#♣#♣


You could see a jackal and a frilled lizard.

Vanquished Creatures
  2 bats (D:1)
  2 jackals (D:1)
  2 quokkas (D:1)
6 creatures vanquished.

Notes
Turn   | Place    | Note
-------+----------+-------------------------------------------
     0 | D:1      | tardwrangler69 the Draconian Earth Elementalist began the
                  | quest for the Orb.
     0 | D:1      | Reached XP level 1. HP: 14/14 MP: 3/3
   583 | D:1      | Reached XP level 2. HP: 10/20 MP: 0/5
   601 | D:1      | Slain by a jackal

Illustrated notes

Levels and vault maps discovered:
D:1:      giann_bridges, layout_rooms, serial_forest,
          infiniplex_forest_straight_2, infiniplex_forest_clump_small,
          infiniplex_forest_clump_large, infiniplex_forest_end_2,
          infiniplex_forest_lined_2, infiniplex_forest_lined_room_3,
          infiniplex_forest_lined_2, basic_ecumenical_altar

Action                   || total
-------------------------++-------
Melee: Unarmed           ||    52
       Tailslap          ||     1
 Cast: Sandblast         ||     6
 Stab: Sleeping          ||     1
Armor: Skin              ||    42
Dodge: Dodged            ||    54

Table legend: (Time is in decaauts)
 A = Elapsed time spent in this place.
 B = Non-inter-level travel time spent in this place.
 C = Inter-level travel time spent in this place.
 D = Time resting spent in this place.
 E = Time spent auto-exploring this place.
 F = Levels seen in this place.
 G = Mean time per level.
                   A        B        C        D        E       F      G
               +--------+--------+--------+--------+--------+-----+--------+
         Total |    601 |    601 |      0 |      0 |    516 |   1 |  601.0 |
       Dungeon |    601 |    601 |      0 |      0 |    516 |   1 |  601.0 |
               +--------+--------+--------+--------+--------+-----+--------+

Top non-repeatable levels by time:
     D:1: 601 daAuts
